[Event "Titled Tuesday Blitz July 4 Late 2023"]
[White "Alexikov, Alexander"]
[Black "Bazzano, Sebastian"]
[WhiteFideId "14103958"]
[BlackFideId "104566"]
[WhiteElo "2249"]
[BlackElo "2223"]
[Result "1-0"]
[Round "10"]
[TimeControl "180+2"]
[Date "2023.07.04"]
[WhiteClock "0:00:07"]
[BlackClock "0:00:00"]
[Board "113"]

1. e4 c6 2. d4 d5 3. e5 Bf5 4. h4 h5 5. Ne2 e6 6. Ng3 Bg6 7. Be2 Be7 8. Bxh5 Bxh5 9. Nxh5 g6 10. Nf4 Rxh4 11. Rxh4 Bxh4 12. Qd3 Nd7 13. g3 Be7 14. c4 dxc4 15. Qxc4 Nb6 16. Qd3 Nd5 17. Nc3 Nxf4 18. Bxf4 Qd7 19. Be3 Bb4 20. Kf1 Bxc3 21. bxc3 Ne7 22. Rb1 O-O-O 23. Qe4 Qd5 24. Qxd5 Nxd5 25. Bd2 b5 26. a4 a6 27. Kg2 Rh8 28. c4 bxc4 29. Rc1 Kd7 30. Rxc4 Rb8 31. Rc5 Rb2 32. Be1 Kc7 33. Kf3 Kb7 34. Kg4 Re2 35. Rc1 Re4+ 36. f4 Rxd4 37. Rb1+ Kc7 38. Ba5+ Kc8 39. Rc1 Kb7 40. Rb1+ Kc8 41. Rc1 Kb7 42. Rh1 Rxa4 43. Bd8 Rd4 44. Bf6 1-0


[Site "https://www.chess.com"]

[Event "Titled Tuesday Blitz July 4 Late 2023"]
[White "Guimaraes, Wagner Peixoto"]
[Black "campochess"]
[WhiteFideId "2100940"]
[WhiteElo "2242"]
[BlackElo "2119"]
[Result "1-0"]
[Round "10"]
[TimeControl "180+2"]
[Date "2023.07.04"]
[WhiteClock "0:00:07"]
[BlackClock "0:00:00"]
[Board "114"]

1. e4 c5 2. Nf3 Nc6 3. Bb5 e6 4. O-O Nge7 5. Re1 a6 6. Bf1 d5 7. exd5 Nxd5 8. d4 cxd4 9. Nxd4 Bd7 10. Nf5 Bc8 11. a3 g6 12. Ng3 Bg7 13. c4 Nde7 14. Nc3 O-O 15. Be3 Qc7 16. Rc1 Rd8 17. Qa4 Bd7 18. Qb3 Nd4 19. Bxd4 Bxd4 20. Nce4 Bc6 21. c5 Nd5 22. Qc2 Bg7 23. b4 Nf4 24. Nd6 e5 25. f3 h5 26. Bc4 Bd5 27. Bxd5 Nxd5 28. Qc4 Nf4 29. Nge4 Ne6 30. Red1 Nd4 31. Rxd4 exd4 32. Qd5 Rab8 33. Rd1 Rd7 34. Rxd4 Bxd4+ 35. Qxd4 Rxd6 36. Nxd6 Rd8 37. h3 Qe7 38. Qd5 b6 39. Kh2 bxc5 40. bxc5 a5 41. a4 Rd7 42. Qa8+ Kg7 43. Qxa5 1-0


[Site "https://www.chess.com"]

[Event "Titled Tuesday Blitz July 4 Late 2023"]
[White "Gyulamiryan-koryun"]
[Black "Kovacevic, Radmila"]
[BlackFideId "933171"]
[WhiteElo "1732"]
[BlackElo "2224"]
[Result "0-1"]
[Round "10"]
[TimeControl "180+2"]
[Date "2023.07.04"]
[WhiteClock "0:00:00"]
[BlackClock "0:00:33"]
[Board "115"]

1. e4 e5 2. f4 exf4 3. Nf3 g5 4. h4 g4 5. Ne5 h5 6. Bc4 Nh6 7. d4 d6 8. Nd3 Be7 9. Bxf4 Bxh4+ 10. g3 Bg5 11. Rf1 Nc6 12. c3 O-O 13. Qd2 Bxf4 14. Nxf4 Qg5 15. Nd3 Qg6 16. Nf2 Be6 17. Bd3 Ne7 18. d5 Bd7 19. e5 Bf5 20. Bxf5 Nhxf5 21. Qd3 dxe5 22. c4 Nd4 23. Qxg6+ fxg6 24. Kd2 Rf3 25. Nc3 Rxg3 26. Nce4 Rg2 27. Kd3 Rf8 28. Rad1 Rf3+ 29. Kd2 g3 30. Ng5 Rgxf2+ 31. Rxf2 Rxf2+ 32. Ke1 Nf3+ 33. Nxf3 Rxf3 0-1


[Site "https://www.chess.com"]

[Event "Titled Tuesday Blitz July 4 Late 2023"]
[White "Vargas, Mauricio"]
[Black "Cardenas Carbajal, Nilson"]
[WhiteFideId "4404572"]
[BlackFideId "8401128"]
[WhiteElo "1890"]
[BlackElo "2091"]
[Result "0-1"]
[Round "10"]
[TimeControl "180+2"]
[Date "2023.07.04"]
[WhiteClock "0:00:00"]
[BlackClock "0:00:21"]
[Board "116"]

1. e4 c5 2. Nc3 a6 3. f4 b5 4. Nf3 Bb7 5. d3 e6 6. g3 d5 7. e5 d4 8. Ne4 h5 9. Bg2 Nh6 10. h3 Nf5 11. Kf2 h4 12. g4 Bxe4 13. dxe4 Ng3 14. Qe1 Nxh1+ 15. Bxh1 c4 16. Bd2 Bc5 17. Kg2 Nc6 18. f5 d3 19. cxd3 Qxd3 20. Rd1 O-O-O 21. Kh2 Bb4 22. Bg2 Nd4 23. Nxd4 Rxd4 24. Bf1 Qc2 0-1


[Site "https://www.chess.com"]

[Event "Titled Tuesday Blitz July 4 Late 2023"]
[White "Biliy, Vadim"]
[Black "Winkels, Marcel"]
[WhiteFideId "14114127"]
[BlackFideId "1003887"]
[WhiteElo "2200"]
[BlackElo "2083"]
[Result "1-0"]
[Round "10"]
[TimeControl "180+2"]
[Date "2023.07.04"]
[WhiteClock "0:00:11"]
[BlackClock "0:00:00"]
[Board "117"]

1. d4 Nf6 2. Nf3 g6 3. e3 Bg7 4. Be2 d6 5. O-O O-O 6. b4 Nbd7 7. c3 a5 8. b5 b6 9. a4 Bb7 10. Ba3 Re8 11. Nbd2 e5 12. Bc4 h6 13. Qb3 d5 14. Be2 e4 15. Ne1 Nf8 16. c4 Ne6 17. Rd1 Ng5 18. c5 Bc8 19. f4 exf3 20. Bxf3 Nxf3+ 21. Nexf3 Bf5 22. Ne5 Ng4 23. Ndf3 Be6 24. Nxg4 Bxg4 25. cxb6 cxb6 26. Rc1 Be6 27. Rc6 Rc8 28. Rfc1 Qd7 29. R1c3 Rxc6 30. bxc6 Qc7 31. Qc2 Bf5 32. Qc1 Be4 33. Bb2 g5 34. Rb3 g4 35. Ne1 h5 36. Qc3 Bh6 37. Bc1 h4 38. Qb2 h3 39. Rc3 Re7 40. Qf2 Qd6 41. Qh4 Bg7 42. Qxg4 1-0


[Site "https://www.chess.com"]

[Event "Titled Tuesday Blitz July 4 Late 2023"]
[White "Burke, Paul"]
[Black "Awoki, Daniel Teidi"]
[WhiteFideId "2605767"]
[BlackFideId "2100827"]
[WhiteElo "1928"]
[BlackElo "2355"]
[Result "0-1"]
[Round "10"]
[TimeControl "180+2"]
[Date "2023.07.04"]
[WhiteClock "0:00:00"]
[BlackClock "0:00:47"]
[Board "118"]

1. e4 Nf6 2. Bc4 Nxe4 3. Bxf7+ Kxf7 4. Qh5+ g6 5. Qd5+ e6 6. Qxe4 Bg7 7. Nf3 Rf8 8. d4 Kg8 9. Bg5 Qe8 10. Nbd2 Nc6 11. O-O-O b6 12. h4 Bb7 13. Qe2 Nxd4 14. Nxd4 Bxd4 15. Nf3 Bxf3 16. gxf3 Bg7 17. h5 Qf7 18. hxg6 hxg6 19. f4 d6 20. Qg4 Qf5 21. Qh4 Kf7 22. Rhe1 Rh8 23. Qg3 Rh3 24. Qg2 Re8 25. Qc6 Qc5 26. Qxc5 bxc5 0-1


[Site "https://www.chess.com"]

[Event "Titled Tuesday Blitz July 4 Late 2023"]
[White "Tqebuchava, Zurab"]
[Black "Broca Jimenez, Fernando"]
[WhiteFideId "13601113"]
[BlackFideId "5104742"]
[WhiteElo "2045"]
[BlackElo "2213"]
[Result "1-0"]
[Round "10"]
[TimeControl "180+2"]
[Date "2023.07.04"]
[WhiteClock "0:00:47"]
[BlackClock "0:00:04"]
[Board "119"]

1. e4 e5 2. Nf3 Nc6 3. c3 d5 4. Qa4 Bd7 5. exd5 Nd4 6. Qd1 Nxf3+ 7. Qxf3 c6 8. Bc4 Nf6 9. O-O cxd5 10. Bb3 Bc6 11. d4 e4 12. Qe2 Bd6 13. Bg5 h6 14. Bh4 O-O 15. Bg3 Re8 16. Bxd6 Qxd6 17. Nd2 Re7 18. Rfe1 Rae8 19. Nf1 a6 20. Ne3 Bb5 21. Nf5 Bxe2 22. Nxd6 Rd7 23. Nxe8 Nxe8 24. Rxe2 1-0


[Site "https://www.chess.com"]

[Event "Titled Tuesday Blitz July 4 Late 2023"]
[White "Carlsen, Magnus"]
[Black "Bortnyk, Olexandr"]
[WhiteFideId "1503014"]
[BlackFideId "14120828"]
[WhiteElo "3281"]
[BlackElo "3047"]
[Result "1-0"]
[Round "11"]
[TimeControl "180+2"]
[Date "2023.07.04"]
[WhiteClock "0:00:53"]
[BlackClock "0:00:03"]
[Board "1"]

1. b3 d5 2. Bb2 Bf5 3. Nf3 e6 4. g3 Nf6 5. Bg2 Be7 6. O-O h6 7. d3 O-O 8. Nbd2 Bh7 9. c4 c6 10. a3 a5 11. Ra2 Nfd7 12. Qa1 Bf6 13. Bxf6 Qxf6 14. Qxf6 Nxf6 15. Rc1 Na6 16. Rb2 Rfd8 17. Ne5 Nd7 18. Nxd7 Rxd7 19. f4 Kf8 20. b4 axb4 21. axb4 Nc7 22. b5 cxb5 23. cxd5 Nxd5 24. Rxb5 Ra2 25. Bxd5 exd5 26. Rd1 Bf5 27. Kf2 Bg4 28. Nf3 Re7 29. Re1 Bxf3 30. Kxf3 d4 31. Re5 Rxe5 32. fxe5 Ke7 33. Rb1 Ke6 34. Rxb7 h5 35. Rb4 h4 36. Rxd4 hxg3 37. hxg3 Kxe5 38. Rd7 Ke6 39. Rb7 Ra4 40. e3 Ra1 41. d4 Rf1+ 42. Ke2 Rg1 43. Kf2 Ra1 44. g4 g6 45. Kf3 Rf1+ 46. Kg2 Re1 47. Kf2 Ra1 48. Rb6+ Ke7 49. Rb5 Ra2+ 50. Kf3 Ra1 51. g5 Rg1 52. e4 Rf1+ 53. Ke3 Rg1 54. Kf4 Rg2 55. Rb7+ Ke8 56. d5 Rg1 57. d6 Rd1 58. Ke5 Rf1 59. Re7+ Kd8 60. Kd5 Rd1+ 61. Kc5 Rc1+ 62. Kb4 Rb1+ 63. Kc3 Rd1 64. Rxf7 Rxd6 65. Rf6 Ke7 66. Rxd6 Kxd6 67. Kd4 Ke6 68. e5 Kf5 69. Kd5 Kxg5 70. e6 Kf6 71. Kd6 g5 72. e7 g4 73. e8=Q Kg5 74. Qe5+ 1-0


[Site "https://www.chess.com"]

[Event "Titled Tuesday Blitz July 4 Late 2023"]
[White "Caruana, Fabiano"]
[Black "Paravyan, David"]
[WhiteFideId "2020009"]
[BlackFideId "4194985"]
[WhiteElo "3115"]
[BlackElo "2982"]
[Result "1-0"]
[Round "11"]
[TimeControl "180+2"]
[Date "2023.07.04"]
[WhiteClock "0:00:09"]
[BlackClock "0:00:00"]
[Board "3"]

1. e4 e5 2. Nf3 Nf6 3. Nxe5 d6 4. Nf3 Nxe4 5. d4 d5 6. Bd3 Bd6 7. O-O O-O 8. c4 c6 9. Re1 Bf5 10. Qb3 Qd7 11. Nc3 Nxc3 12. Bxf5 Qxf5 13. bxc3 b6 14. cxd5 cxd5 15. Qb5 Qd7 16. Rb1 Rd8 17. g3 Bf8 18. a4 Nc6 19. Kg2 Rac8 20. Qd3 Re8 21. Bf4 f6 22. h4 Na5 23. Rxe8 Rxe8 24. Rb5 Nc4 25. Nd2 a6 26. Rb1 Qxa4 27. Nxc4 dxc4 28. Qf3 Qd7 29. Rxb6 a5 30. Rb7 Qf5 31. Ra7 h5 32. Be3 Qxf3+ 33. Kxf3 Rb8 34. Rxa5 Rb3 35. Bd2 Rb2 36. Be1 Rb1 37. Ke2 Rb2+ 38. Kf1 Rb1 39. Ra4 g5 40. Rxc4 gxh4 41. gxh4 Kf7 42. Ra4 f5 43. Ra5 Kg6 44. Ra6+ Kf7 45. Ke2 Be7 46. Rh6 Bxh4 47. Rxh5 Rb2+ 48. Kd3 Bf6 49. Rxf5 Ke6 50. Rf3 Bg5 51. Rg3 Bf4 52. Rh3 Rb1 53. Ke2 Kf5 54. Rh7 Ke4 55. Re7+ Kd5 56. Kd3 Rd1+ 57. Kc2 Rc1+ 58. Kb2 Rd1 59. Kb3 Rb1+ 60. Kc2 Rc1+ 61. Kb2 Rd1 62. Re2 Kc4 63. Kc2 Rc1+ 64. Kb2 Rd1 65. f3 Kd3 66. Re4 Be3 67. d5 Rxe1 68. d6 Rg1 69. d7 Bb6 70. Rd4+ Bxd4 71. d8=Q Rg2+ 72. Kb3 1-0


[Site "https://www.chess.com"]

[Event "Titled Tuesday Blitz July 4 Late 2023"]
[White "Bluebaum, Matthias"]
[Black "Chigaev, Maksim"]
[WhiteFideId "24651516"]
[BlackFideId "4108116"]
[WhiteElo "3042"]
[BlackElo "2942"]
[Result "1-0"]
[Round "11"]
[TimeControl "180+2"]
[Date "2023.07.04"]
[WhiteClock "0:00:23"]
[BlackClock "0:00:00"]
[Board "4"]

1. d4 Nf6 2. c4 g6 3. Nc3 Bg7 4. e4 d6 5. Nf3 O-O 6. Be2 e5 7. Be3 Na6 8. O-O Qe7 9. dxe5 dxe5 10. Nd5 Qd8 11. Qc2 Ng4 12. Rad1 Nxe3 13. Nxe3 Qe7 14. Nd5 Qe8 15. c5 c6 16. Ne3 Nc7 17. Nc4 Qe7 18. Nd6 Ne6 19. Bc4 Nf4 20. Qb3 Bg4 21. h3 Bh5 22. Kh2 Bxf3 23. Qxf3 b5 24. Bb3 a5 25. a3 Ne6 26. Bxe6 Qxe6 27. Rd3 f5 28. exf5 gxf5 29. Qxc6 e4 30. Qd5 Qxd5 31. Rxd5 Bxb2 32. Nxb5 f4 33. c6 e3 34. fxe3 fxe3 35. Re1 Rae8 36. c7 Be5+ 37. Rxe5 Rxe5 38. Nd6 Rc5 39. c8=Q Rfxc8 40. Nxc8 Rxc8 41. Rxe3 Rc4 42. g4 Kf7 43. Kg3 Kg6 44. Kh4 a4 45. Re6+ Kg7 46. Ra6 Rd4 47. Kh5 Rd3 48. Ra7+ Kg8 49. Rxa4 Rxh3+ 50. Kg5 Rb3 51. Ra7 Rb5+ 52. Kh4 1-0


[Site "https://www.chess.com"]

[Event "Titled Tuesday Blitz July 4 Late 2023"]
[White "Xiong, Jeffery"]
[Black "Lazavik, Denis"]
[WhiteFideId "2047640"]
[BlackFideId "13515110"]
[WhiteElo "2954"]
[BlackElo "3048"]
[Result "1-0"]
[Round "11"]
[TimeControl "180+2"]
[Date "2023.07.04"]
[WhiteClock "0:00:20"]
[BlackClock "0:00:01"]
[Board "7"]

1. e4 c5 2. Nf3 e6 3. c3 d5 4. e5 d4 5. g3 Nc6 6. Bg2 d3 7. O-O Rb8 8. a4 a6 9. Re1 b5 10. axb5 axb5 11. b3 Nh6 12. c4 bxc4 13. bxc4 Be7 14. Ba3 O-O 15. Nc3 Nb4 16. Rb1 Bb7 17. Bxb4 cxb4 18. Nb5 Nf5 19. Qb3 Bc5 20. Qd1 f6 21. Rb3 Qb6 22. Rf1 fxe5 23. Nxe5 Bxg2 24. Kxg2 Bxf2 25. Rxd3 Bc5 26. Kh3 Rbd8 27. Rd7 Rfe8 28. Qh5 Re7 29. Rxe7 Bxe7 30. Rxf5 exf5 31. Qf7+ Kh8 32. Qxe7 Qh6+ 33. Qh4 Qxh4+ 34. Kxh4 Rxd2 35. c5 Rc2 36. c6 Rc5 37. c7 b3 38. Nd3 Rc2 39. Kg5 g6 40. Kf6 Kg8 41. Ke7 g5 42. Kd6 Kf7 43. Nc5 b2 44. c8=Q b1=Q 45. Qxf5+ Kg7 46. Ne6+ 1-0


[Site "https://www.chess.com"]

[Event "Titled Tuesday Blitz July 4 Late 2023"]
[White "Deac, Bogdan-Daniel"]
[Black "Oparin, Grigoriy"]
[WhiteFideId "1226380"]
[BlackFideId "24125890"]
[WhiteElo "2987"]
[BlackElo "2942"]
[Result "1-0"]
[Round "11"]
[TimeControl "180+2"]
[Date "2023.07.04"]
[WhiteClock "0:00:06"]
[BlackClock "0:00:14"]
[Board "8"]

1. e4 e5 2. Nf3 Nc6 3. Bb5 a6 4. Bxc6 dxc6 5. Nc3 f6 6. d4 exd4 7. Qxd4 Qxd4 8. Nxd4 Bd7 9. Be3 Bb4 10. Ne2 O-O-O 11. O-O-O Ne7 12. Na4 Ng6 13. Nc5 Bxc5 14. Bxc5 b6 15. Be3 c5 16. h4 h5 17. f3 Be6 18. Rxd8+ Rxd8 19. Ng3 Rh8 20. b3 a5 21. a3 Ne5 22. Bf4 Ng6 23. Bd2 Kd7 24. Bc3 Kc6 25. Kb2 Nf4 26. Rh2 Ng6 27. Nf1 Rd8 28. Ne3 c4 29. bxc4 Kc5 30. g4 hxg4 31. fxg4 Bxc4 32. h5 Ne5 33. Bxe5 fxe5 34. Nf5 Rg8 35. g5 Bf7 36. g6 Be6 37. Nxg7 1-0


[Site "https://www.chess.com"]

[Event "Titled Tuesday Blitz July 4 Late 2023"]
[White "Kollars, Dmitrij"]
[Black "Ibrahimli, Murad"]
[WhiteFideId "12909572"]
[BlackFideId "13410229"]
[WhiteElo "2976"]
[BlackElo "2941"]
[Result "1-0"]
[Round "11"]
[TimeControl "180+2"]
[Date "2023.07.04"]
[WhiteClock "0:00:48"]
[BlackClock "0:00:19"]
[Board "9"]

1. c4 Nf6 2. Nc3 e5 3. Nf3 Nc6 4. a3 Nd4 5. Nxd4 exd4 6. Nd5 c6 7. Nxf6+ Qxf6 8. d3 a5 9. g3 Bd6 10. Bg2 O-O 11. h4 Re8 12. Bg5 Qf5 13. Kf1 a4 14. Bf3 b5 15. g4 Qe5 16. Rc1 Ba6 17. cxb5 Qxb5 18. Rc2 Rab8 19. Bc1 Qb3 20. h5 Rb5 21. h6 g6 22. Kg2 f5 23. Rc4 c5 24. Rxa4 Bc8 25. Qxb3+ 1-0


[Site "https://www.chess.com"]

[Event "Titled Tuesday Blitz July 4 Late 2023"]
[White "Golubev, Mikhail"]
[Black "Indjic, Aleksandar"]
[WhiteFideId "14100983"]
[BlackFideId "911925"]
[WhiteElo "2603"]
[BlackElo "2973"]
[Result "1/2-1/2"]
[Round "11"]
[TimeControl "180+2"]
[Date "2023.07.04"]
[WhiteClock "0:00:06"]
[BlackClock "0:00:02"]
[Board "10"]

1. e4 e5 2. Nf3 Nc6 3. Bc4 Nf6 4. Ng5 d5 5. exd5 b5 6. Bf1 Nxd5 7. d4 exd4 8. Bxb5 Bb7 9. O-O Be7 10. Nf3 O-O 11. Nxd4 Nxd4 12. Qxd4 c5 13. Qe4 Qc7 14. Bd3 Nf6 15. Qf4 Bd6 16. Qh4 Rfe8 17. Na3 Re5 18. Bg5 Rxg5 19. Qxg5 Bxh2+ 20. Kh1 Bf4 21. Qf5 Rd8 22. Rae1 Rd5 23. Re8+ Nxe8 24. Qxh7+ Kf8 25. Qh8+ Ke7 26. Nc4 Nf6 27. Re1+ Kd7 28. Qxg7 Rh5+ 29. Kg1 Qc6 30. Qxf7+ Kc8 31. Qf8+ Kc7 32. Qf7+ Nd7 33. Qxf4+ Kd8 34. Be4 Qc7 35. Qxc7+ Kxc7 36. Bxb7 Kxb7 37. f3 Kc7 38. Kf2 Rh4 39. Re4 Rh1 40. Ne3 Rb1 41. b3 Rb2 42. a4 Nf6 43. Rf4 Nd7 44. g4 Ne5 45. g5 Nd3+ 46. Kg3 Nxf4 47. Kxf4 Kd7 48. Kf5 Ke8 49. f4 c4 50. Nxc4 Rxc2 51. g6 Kf8 52. Ne5 Kg7 53. Ke6 Rc8 54. f5 Re8+ 55. Kd6 Kf6 56. Ng4+ Kxf5 57. Kd7 Rb8 58. Kc7 Re8 59. Ne3+ Rxe3 60. b4 Re7+ 61. Kb8 Kxg6 62. b5 Kf5 63. a5 Ke6 64. b6 axb6 65. axb6 Kd6 66. b7 Kc6 67. Ka8 Rxb7 1/2-1/2


[Site "https://www.chess.com"]

[Event "Titled Tuesday Blitz July 4 Late 2023"]
[White "Henriquez Villagra, Cristobal"]
[Black "He, Anthony"]
[WhiteFideId "3409350"]
[BlackFideId "2088215"]
[WhiteElo "2872"]
[BlackElo "2951"]
[Result "0-1"]
[Round "11"]
[TimeControl "180+2"]
[Date "2023.07.04"]
[WhiteClock "0:00:10"]
[BlackClock "0:01:26"]
[Board "11"]

1. e4 c5 2. Nc3 Nc6 3. g3 g6 4. Bg2 Bg7 5. d3 e6 6. Be3 d6 7. Nge2 Nge7 8. d4 cxd4 9. Nxd4 a6 10. O-O O-O 11. a4 Ne5 12. Qe2 Qc7 13. Rad1 Nc4 14. Bc1 b6 15. Rfe1 Bb7 16. b3 Ne5 17. Ncb5 axb5 18. Nxb5 Qb8 19. Ba3 Nc8 20. Nxd6 Ba6 21. Nb5 Re8 22. f4 Nc6 23. e5 Bb7 24. Rd7 Na5 25. Bxb7 Nxb7 26. Nc7 Rd8 27. Rxd8+ Nxd8 28. Nxa8 Qxa8 29. Rd1 Nc6 30. Rd7 Bf8 31. Bxf8 Kxf8 32. Qb5 Kg7 33. Qc4 N8e7 34. Rd6 h5 35. h3 Qa5 36. Rxc6 Qe1+ 37. Kg2 h4 38. gxh4 Nf5 39. Qc3 Nxh4+ 0-1


[Site "https://www.chess.com"]

[Event "Titled Tuesday Blitz July 4 Late 2023"]
[White "Ashraf, Artin"]
[Black "Zhigalko, Sergei"]
[WhiteFideId "22514805"]
[BlackFideId "13502956"]
[WhiteElo "2745"]
[BlackElo "2884"]
[Result "0-1"]
[Round "11"]
[TimeControl "180+2"]
[Date "2023.07.04"]
[WhiteClock "0:00:00"]
[BlackClock "0:00:03"]
[Board "12"]

1. Nf3 d5 2. e3 Nf6 3. c4 e6 4. Nc3 b6 5. b3 Bd6 6. Bb2 O-O 7. Qc2 Bb7 8. cxd5 Nxd5 9. a3 Nd7 10. Ne4 h6 11. d3 Be7 12. Be2 c5 13. O-O Rc8 14. Rac1 N7f6 15. Rfd1 Qc7 16. Be5 Qd7 17. Bg3 Rfd8 18. Ne5 Qe8 19. Nc4 Qf8 20. Bf3 b5 21. Na5 Ba8 22. Qb2 c4 23. bxc4 Bxa3 24. Qxb5 Bxc1 25. Rxc1 Nxe4 26. Bxe4 Qa3 27. Nb3 Nc3 28. Rxc3 Bxe4 29. d4 Bc6 30. Qa5 Qb2 31. h3 Bd5 32. Nc5 Qb1+ 33. Kh2 Bc6 34. Rb3 Qf1 35. f3 Re8 36. e4 Qxc4 37. Rb4 Qc3 0-1


[Site "https://www.chess.com"]

[Event "Titled Tuesday Blitz July 4 Late 2023"]
[White "Nasuta, Grzegorz"]
[Black "Ter-Sahakyan, Samvel"]
[WhiteFideId "1141686"]
[BlackFideId "13302531"]
[WhiteElo "2743"]
[BlackElo "2860"]
[Result "1-0"]
[Round "11"]
[TimeControl "180+2"]
[Date "2023.07.04"]
[WhiteClock "0:00:06"]
[BlackClock "0:00:01"]
[Board "13"]

1. e4 c5 2. Nf3 e6 3. d4 cxd4 4. Nxd4 Nf6 5. Nc3 Nc6 6. a3 Be7 7. Nxc6 bxc6 8. e5 Nd5 9. Qg4 g6 10. Qg3 d6 11. Ne4 dxe5 12. c4 Nf4 13. Qc3 O-O 14. Qxe5 Nd3+ 15. Bxd3 Qxd3 16. Nf6+ Bxf6 17. Qxf6 Rd8 18. Bh6 Qe4+ 19. Be3 Bb7 20. O-O c5 21. Qg5 Qxc4 22. Rac1 Qd5 23. Rxc5 Qxg5 24. Bxg5 Rd5 25. Rxd5 Bxd5 26. Rc1 Kg7 27. b4 h6 28. Be3 g5 29. b5 Rb8 30. a4 Rb7 31. h3 Kg6 32. Ra1 h5 33. a5 Rxb5 34. Bxa7 Be4 35. a6 Rb1+ 36. Rxb1 Bxb1 37. Be3 Be4 38. f3 Ba8 39. Kf2 e5 40. Bb6 e4 41. fxe4 Bxe4 42. g3 h4 43. gxh4 gxh4 44. Ke3 Bg2 45. a7 Kh5 46. Bd8 Ba8 47. Kf4 Kg6 48. Bxh4 f5 49. Bg5 Bb7 50. Bd8 Ba8 51. Ke5 Bb7 52. Bh4 Ba8 53. Bg3 Bb7 54. Kf4 Ba8 55. Bf2 Bb7 56. Ke5 Kg5 57. Kd6 f4 58. Kc7 Be4 59. Kb8 f3 60. a8=Q Bxa8 61. Kxa8 Kf4 62. Kb7 1-0


[Site "https://www.chess.com"]

[Event "Titled Tuesday Blitz July 4 Late 2023"]
[White "Grigoriants, Sergey"]
[Black "Rosen, Eric"]
[WhiteFideId "4130804"]
[BlackFideId "2032562"]
[WhiteElo "2857"]
[BlackElo "2699"]
[Result "1/2-1/2"]
[Round "11"]
[TimeControl "180+2"]
[Date "2023.07.04"]
[WhiteClock "0:00:08"]
[BlackClock "0:00:03"]
[Board "14"]

1. d4 d5 2. c4 e6 3. Nc3 Nf6 4. Nf3 Nbd7 5. Bf4 Bb4 6. e3 c5 7. Qc2 O-O 8. a3 Bxc3+ 9. bxc3 b6 10. cxd5 Nxd5 11. Bg3 cxd4 12. cxd4 Bb7 13. Bd3 Rc8 14. Qa4 a6 15. O-O b5 16. Qd1 Nc3 17. Qd2 Bxf3 18. gxf3 Nb6 19. Rac1 Nba4 20. Rc2 Qd5 21. Rfc1 Qb3 22. Bd6 Rc6 23. Bc5 Nb1 24. Qb4 Qxd3 25. Qxb1 Rfc8 26. Qb4 h5 27. Qd2 Qg6+ 28. Kf1 Qf5 29. Qe2 Qh3+ 30. Kg1 e5 31. Qf1 Rg6+ 32. Kh1 Qxf1+ 33. Rxf1 exd4 34. exd4 Nxc5 35. dxc5 Rf6 36. Rfc1 Rxf3 37. a4 bxa4 38. c6 Rb3 39. c7 Rb7 40. Rc4 a3 41. R1c2 Kh7 42. Kg2 g6 43. h3 Kg7 44. Kg3 Kf6 45. Rc6+ Ke7 46. Rxa6 Rbxc7 47. Rxc7+ Rxc7 48. Rxa3 Rc4 49. h4 Kf6 50. f3 Rc6 51. Ra5 Re6 52. Rb5 Re5 53. Rb6+ Kf5 54. Rb4 Re7 55. Rb5+ Kf6 56. Rb6+ Re6 57. Rb7 Rc6 58. Ra7 Rc1 59. Ra6+ Kg7 60. Kg2 Rc2+ 61. Kg3 Rc7 62. Rb6 Re7 63. Ra6 Re6 64. Ra5 Kf6 65. Rb5 Rd6 66. Ra5 Ke6 67. Rb5 Rd5 68. Rb6+ Kf5 69. Rb7 f6 70. Rb8 Rc5 71. Rf8 Rc3 72. Rf7 Ke6 73. Rf8 Rb3 74. Rc8 Rb5 75. Rc6+ Kf5 76. Rc8 g5 77. hxg5 fxg5 78. Rf8+ Kg6 79. Rg8+ Kh6 80. Rh8+ Kg6 81. Rg8+ Kf6 82. Rh8 h4+ 83. Kh3 Rb3 84. Kg2 Rb5 85. Rf8+ Kg6 86. Rg8+ Kf5 87. Rf8+ Ke5 88. Kh3 Rb4 89. Rf7 Rf4 90. Rg7 Kf6 91. Rg8 Rxf3+ 92. Kg4 Rg3+ 93. Kh5 Kf5 94. Rf8+ Ke4 95. Rf1 Ke3 96. Re1+ Kf2 97. Rb1 Kg2 98. Rb2+ Kh3 99. Re2 Rg2 100. Re4 Kh2 101. Re3 h3 102. Kg6 g4 103. Kf5 g3 104. Kg4 Rg1 105. Re2+ Kh1 106. Kxh3 g2 107. Rf2 Rf1 108. Rxg2 Rf3+ 109. Rg3 Rxg3+ 110. Kxg3 1/2-1/2


[Site "https://www.chess.com"]

[Event "Titled Tuesday Blitz July 4 Late 2023"]
[White "Kantor, Gergely"]
[Black "Matinian, Nikita"]
[WhiteFideId "751499"]
[BlackFideId "24129100"]
[WhiteElo "2840"]
[BlackElo "2697"]
[Result "0-1"]
[Round "11"]
[TimeControl "180+2"]
[Date "2023.07.04"]
[WhiteClock "0:00:00"]
[BlackClock "0:00:07"]
[Board "15"]

1. e4 c5 2. Nf3 e6 3. Nc3 Nc6 4. Bb5 Nd4 5. O-O a6 6. Bd3 Nc6 7. Nd5 d6 8. Re1 g5 9. Nxg5 exd5 10. exd5+ Ne5 11. f4 Be7 12. fxe5 Bxg5 13. Qh5 dxe5 14. Rxe5+ Be7 15. b3 c4 16. Bxc4 Nf6 17. Qf3 Ng4 18. Bb2 Qb6+ 19. Re3 Nxe3 20. dxe3 Rf8 21. Bd4 Qg6 22. Bd3 f5 23. Rf1 Bd7 24. c4 O-O-O 25. c5 Bf6 26. c6 Be8 27. cxb7+ Kb8 28. Bxf5 Bxd4 29. Qf4+ Qd6 30. Qxd4 Bg6 0-1


[Site "https://www.chess.com"]

[Event "Titled Tuesday Blitz July 4 Late 2023"]
[White "Skatchkov, Valery"]
[Black "Oro, Faustino"]
[WhiteFideId "24195812"]
[BlackFideId "20000197"]
[WhiteElo "2683"]
[BlackElo "2810"]
[Result "0-1"]
[Round "11"]
[TimeControl "180+2"]
[Date "2023.07.04"]
[WhiteClock "0:01:12"]
[BlackClock "0:00:15"]
[Board "16"]

1. d4 Nf6 2. c4 e6 3. Nf3 d5 4. g3 Be7 5. Bg2 O-O 6. Nc3 c6 7. O-O Nbd7 8. Qd3 b6 9. e4 dxe4 10. Nxe4 Nxe4 11. Qxe4 Bb7 12. Bf4 Nf6 13. Qe1 c5 14. Rd1 cxd4 15. Nxd4 Bxg2 16. Kxg2 Qc8 17. Qe2 Rd8 18. b3 Bc5 19. Nb5 a6 20. Rxd8+ Qxd8 21. Rd1 Qe7 22. Nc7 Ra7 23. Qd3 h6 24. Qd8+ Kh7 25. Qb8 e5 26. Qxa7 exf4 27. Qb7 Ne8 28. Qc6 Nxc7 29. Rd7 Qe2 30. Rxc7 Qxf2+ 31. Kh3 fxg3 32. hxg3 Qf1+ 33. Qg2 Qf5+ 34. Kh2 Qh5+ 35. Qh3 Qe2+ 36. Qg2 Qh5+ 37. Qh3 Qg6 38. Rd7 Qc2+ 39. Qg2 Qg6 40. Rd2 Be3 41. Re2 Qh5+ 0-1


[Site "https://www.chess.com"]

[Event "Titled Tuesday Blitz July 4 Late 2023"]
[White "Rustemov, Alexander"]
[Black "Fisher_TheGalactic"]
[WhiteFideId "4119002"]
[WhiteElo "2807"]
[BlackElo "2671"]
[Result "0-1"]
[Round "11"]
[TimeControl "180+2"]
[Date "2023.07.04"]
[WhiteClock "0:00:00"]
[BlackClock "0:00:05"]
[Board "17"]

1. d4 b6 2. e4 Bb7 3. f3 e6 4. Be3 d5 5. e5 c5 6. c3 Nc6 7. a3 Nge7 8. f4 Nf5 9. Bf2 Be7 10. Nf3 Qd7 11. Bd3 c4 12. Bc2 h5 13. Nbd2 g6 14. g3 O-O-O 15. Nf1 Kb8 16. Ne3 Rde8 17. Qe2 Nd8 18. O-O Bc6 19. a4 a6 20. Kg2 Nb7 21. h3 Na5 22. g4 hxg4 23. hxg4 Nxe3+ 24. Bxe3 Ka7 25. Ng5 Bxg5 26. fxg5 Nb3 27. Bxb3 cxb3 28. a5 Bb5 29. axb6+ Kxb6 30. Qd1 Bxf1+ 31. Qxf1 Qb5 32. Qd1 a5 33. c4 Qxc4 34. Rc1 Qb4 35. Bd2 Qa4 36. Rc3 Ka6 37. Qe2+ Kb6 38. Qd3 Ka7 39. Rc5 Kb6 40. Bxa5+ Qxa5 41. Qxb3+ Ka6 42. Rxa5+ Kxa5 43. Kg3 Rb8 44. Qa3+ Kb5 45. Qe7 Rhf8 46. Kf4 Kc4 47. Qc5+ Kb3 48. Qc3+ Ka2 49. b4 Rfc8 50. Qd2+ Kb3 51. Qf2 Rxb4 52. Kg3 Rc3+ 53. Kh4 Rc7 54. Qf6 Rbc4 55. Qd8 Kc3 56. Kg3 Kxd4 57. Kh4 Kc3 58. Qa8 d4 59. Qa3+ Kd2 60. Qb2+ Ke3 61. Kg3 Rc3 62. Qf2+ Ke4+ 63. Kh4 d3 64. Qe1+ Kd4 65. Qf2+ Kc4 66. Qf4+ Kb3 67. Qd4 Kc2 68. Qe4 R7c4 69. Qg2+ d2 70. Qe2 Kc1 71. Qf2 d1=Q 0-1


[Site "https://www.chess.com"]